 Dungeon Crawl Stone Soup version 0.30.1-9-gdf580d7c3d (webtiles) character file.

Game seed: 3286962081345706768

452 Ninjinzu the Magician (level 6, -1/43 HPs)
             Began as a Demonspawn Hedge Wizard on Oct 6, 2023.
             Shot with an arrow by a centaur (8 damage)
             ... on level 5 of the Dungeon.
             The game lasted 00:17:32 (4461 turns).

Ninjinzu the Magician (Demonspawn Hedge Wizard)     Turns: 4461, Time: 00:17:33

Health: -1/43      AC:  2    Str: 10    XL:     6   Next: 75%
Magic:  6/13       EV: 12    Int: 17    God:
Gold:   179        SH:  0    Dex: 13    Spells: 11/15 levels left

rFire   . . .        B - +2 quarterstaff (chaos)
rCold   . . .        (shield currently unavailable)
rNeg    . . .        b - +0 robe
rPois   .            c - +0 hat
rElec   .            (no cloak)
rCorr   +            (no gloves)
SInv    .            (no boots)
Will    .....        (no amulet)
Stlth   ++           j - ring of resist corrosion
HPRegen 0.27/turn    (no ring)
MPRegen 0.13/turn

%: no passive effects
@: no status effects
A: weakness stinger 1, demonic touch 1
a: no special abilities


You were on level 5 of the Dungeon.
You visited 1 branch of the dungeon, and saw 5 of its levels.

You collected 201 gold pieces.
You spent 22 gold pieces at shops.

Inventory:

Hand Weapons
 a - a +0 dagger
 A - a +2 dagger of freezing
 B - a +2 quarterstaff of chaos (weapon)
Missiles
 r - a throwing net
Armour
 b - a +0 robe (worn)
 c - a +0 hat (worn)
Jewellery
 j - a ring of resist corrosion (left hand)
Wands
 z - a wand of paralysis (7)
Scrolls
 e - 2 scrolls of fear
 f - 4 scrolls of identify
 h - a scroll of silence {unknown}
 i - 8 scrolls of teleportation {unknown}
 k - a scroll of noise {unknown}
 l - a scroll of vulnerability {unknown}
 n - a scroll of magic mapping {unknown}
 s - a scroll of amnesia {unknown}
 y - a scroll of brand weapon {unknown}
Potions
 d - a potion of magic
 g - a potion of flight {unknown}
 m - a potion of degeneration {unknown}
 o - a potion of might {unknown}
 p - a potion of heal wounds {unknown}
 q - 2 potions of invisibility {unknown}
 t - a potion of cancellation {unknown}
 u - a potion of resistance {unknown}
 v - 2 potions of ambrosia {unknown}
 w - a potion of haste {unknown}
 x - a potion of mutation {unknown}


   Skills:
 + Level 1.0 Fighting
 + Level 1.0 Short Blades
 + Level 2.6 Dodging
 + Level 2.4 Stealth
 + Level 5.1 Spellcasting
 + Level 3.7 Conjurations
 + Level 1.4 Summonings
 + Level 0.8 Translocations


You had 11 spell levels left.
You knew the following spells:

 Your Spells              Type           Power      Damage    Failure   Level
a - Magic Dart            Conj           68%        1d6       3%          1
b - Call Imp              Summ           18%        N/A       12%         2
c - Slow                  Hex            16%        N/A       14%         1

Your spell library contained the following spells:

 Spells                   Type           Power      Damage    Failure   Level
 Blink                    Tloc           14%        N/A       16%         2
 Cigotuvi's Dreadful Rot  Necr/Pois/Air  8%         N/A       22%         2
 Mephitic Cloud           Conj/Pois/Air  8%         N/A       26%         3
 Borgnjor's Revivificati  Necr           2%         N/A       100%        8
 Necromutation            Tmut/Necr      2%         N/A       100%        8
 Death's Door             Necr           2%         N/A       100%        9


Dungeon Overview and Level Annotations

Branches:
Dungeon (5/15)
 Temple: D:4-7

Altars:
Ashenzari
Hepliaklqana
Makhleb
Sif Muna

Shops:
D:1 ?


Innate Abilities, Weirdness & Mutations

You have a small tail.
Your touch may inflict minor irresistible damage on your foes.


Message History

Aiming: Magic Dart (safe; 3% risk of failure)
Press: ? - help, Q - select action, (/) - cycle Shift-Dir - straight line, f/p - centaur
Aim: a centaur, wielding a +0 shortbow (100% to hit)
The magic dart hits the centaur.
The centaur is lightly wounded.
The centaur shoots an arrow.
The arrow hits you.
A worm comes into view.
Aiming: Magic Dart (safe; 3% risk of failure)
Press: ? - help, Q - select action, (/) - cycle Shift-Dir - straight line, f/p - centaur
Aim: a centaur, wielding a +0 shortbow (100% to hit)
The magic dart hits the centaur.
The centaur is lightly wounded.
The centaur shoots an arrow.
The arrow hits you!
Aiming: Magic Dart (safe; 3% risk of failure)
Press: ? - help, Q - select action, (/) - cycle Shift-Dir - straight line, f/p - centaur
Aim: a centaur, wielding a +0 shortbow (lightly wounded, 100% to hit)
The magic dart hits the centaur.
The centaur is moderately wounded.
The centaur shoots an arrow.
The arrow hits you.
* * * LOW HITPOINT WARNING * * *
The centaur shoots an arrow.
The arrow barely misses you.
Casting: Magic Dart (safe; 3% risk of failure)
Confirm with . or Enter, or press ? or * to list all spells.
A tiny devil pulls itself out of the air.
Your cerulean imp says, "I'm here!"
Casting: Call Imp (safe; 12% risk of failure)
Confirm with . or Enter, or press ? or * to list all spells.
Aiming: Slow (safe; 14% risk of failure)
Press: ? - help, Shift-Dir - straight line, f/p - centaur
Aim: a centaur, wielding a +0 shortbow (moderately wounded, ally target, chance to affect: 37%)
The centaur easily resists.
The centaur unwields a +0 shortbow.
The centaur barely misses you. The centaur misses you. The centaur hits you.
* * * LOW HITPOINT WARNING * * *
The centaur barely misses you.
Your cerulean imp hits the centaur with a -4 spear.
The centaur wields a +0 shortbow.
The centaur shoots an arrow.
The arrow closely misses you.
Your cerulean imp hits the centaur but does no damage.
The centaur shoots an arrow.
The arrow hits you!
You die...

..$ #.... #...w
# #.. .. .# +..
h# #.# #..
.###.# #.. #.#.#
#..####...####..
#..@..ch........
#######5..#####
### #.##.#.#
#...# #.#.###.#
#.#.# #..## #..
#.#.# #.#.# ..#
#.#.# #.#.# .#
#.#.# #.#.# #
#.#.# #.#.#


You could see a centaur (ally target), a hound and a friendly cerulean imp
(summoned).

Vanquished Creatures
  A scorpion (D:4)
  Crazy Yiuf (D:4)
  2 hounds
  Jessica (D:2)
  Natasha (D:3)
  Robin (D:4)
  3 adders
  5 worms
  A dart slug (D:1)
  6 orcs
  7 ball pythons
  5 endoplasms
  5 giant cockroaches (D:1)
  14 goblins
  3 hobgoblins
  2 quokkas
  8 bats
  2 frilled lizards
  10 kobolds
  11 rats
89 creatures vanquished.

Vanquished Creatures (collateral kills)
  Menkaure (D:4)
1 creature vanquished.

Grand Total: 90 creatures vanquished

Notes
Turn   | Place    | Note
-------+----------+-------------------------------------------
     0 | D:1      | Ninjinzu the Demonspawn Hedge Wizard began the quest for
                  | the Orb.
     0 | D:1      | Reached XP level 1. HP: 13/13 MP: 4/4
   280 | D:1      | Found Joxamixy's Magic Scroll Shop.
   286 | D:1      | Bought a scroll of identify for 22 gold pieces
   374 | D:1      | Discovered your monstrous ancestry.
   374 | D:1      | Gained mutation: Your touch may inflict minor irresistible
                  | damage on your foes. [demonic ancestry]
   374 | D:1      | Reached XP level 2. HP: 13/19 MP: 6/6
  1062 | D:1      | Gained mutation: You have a small tail. [demonic ancestry]
  1062 | D:1      | Reached XP level 3. HP: 24/24 MP: 2/8
  1363 | D:2      | Learned a level 2 spell: Call Imp
  1440 | D:2      | Noticed Jessica
  1446 | D:2      | Killed Jessica
  1467 | D:2      | Reached XP level 4. HP: 16/30 MP: 0/9
  1926 | D:3      | Reached skill level 4 in Spellcasting
  2330 | D:3      | Found a broken altar of Ashenzari.
  2447 | D:3      | Noticed Natasha
  2454 | D:3      | Killed Natasha
  2455 | D:3      | Reached XP level 5. HP: 34/36 MP: 2/11
  3021 | D:4      | Found a hazy altar of Hepliaklqana.
  3078 | D:4      | Noticed Menkaure
  3098 | D:4      | Killed Menkaure
  3099 | D:4      | Reached skill level 1 in Short Blades
  3099 | D:4      | Reached XP level 6. HP: 11/42 MP: 8/13
  3390 | D:4      | Reached skill level 5 in Spellcasting
  3626 | D:4      | Learned a level 1 spell: Slow
  3855 | D:4      | Found a burning altar of Makhleb.
  4029 | D:4      | Found a shimmering blue altar of Sif Muna.
  4096 | D:4      | Noticed Robin
  4124 | D:4      | Killed Robin
  4284 | D:4      | Found a runed translucent door.
  4285 | D:4      | Noticed Crazy Yiuf
  4291 | D:4      | Killed Crazy Yiuf
  4292 | D:4      | Reached skill level 1 in Fighting
  4424 | D:5      | Entered Level 5 of the Dungeon
  4461 | D:5      | Shot with an arrow by a centaur

Illustrated notes

Levels and vault maps discovered:
D:1:      matt_arrival_grand_opening, layout_loops_ring, serial_shops,
          nicolae_shop_pleasant_corner_grove
D:2:      layout_rooms, uniq_jessica
D:3:      layout_basic, nicolae_ashenzari_panopticon, uniq_natasha
D:4:      layout_basic, mainiacjoe_overflow_small_starburst,
          lemuel_doored_altar, nicolae_sif_muna_condensation,
          kennysheep_generic_room_11, uniq_menkaure, uniq_crazy_yiuf_cottage,
          uniq_robin
D:5:      layout_basic, hex_intersection

Skill      XL: |  1  2  3  4  5  6 |
---------------+-------------------+-----
Dodging        | 2 |  2.6
Stealth        | 2 |  2.4
Spellcasting   | 4 5 |  5.1
Conjurations   | 2 3 |  3.7
Short Blades   | 1 |  1.0
Fighting       | 1 |  1.0
Summonings     | |  1.4
Translocations | |  0.8

Action                     |  1- 3 |  4- 6 || total
---------------------------+-------+-------++-------
  Melee: Dagger            |    51 |    35 ||    86
         Punch             |     1 |       ||     1
         Touch             |     6 |     8 ||    14
         Tailslap          |     1 |     4 ||     5
   Cast: Magic Dart        |    63 |   148 ||   211
         Call Imp          |     1 |     6 ||     7
         Slow              |       |     1 ||     1
    Use: Scroll            |     1 |       ||     1
         Potion            |       |     3 ||     3
   Stab: Sleeping          |     2 |       ||     2
 Armour: Robe              |     6 |    15 ||    21
  Dodge: Dodged            |    40 |    47 ||    87
